 Dungeon Crawl Stone Soup version 0.20.1-1-g8b1a95d (webtiles) character file.

123 dvd the Chiller (level 5, 0/40 HPs)
             Began as a Ghoul Ice Elementalist on Oct 13, 2017.
             Was an Initiate of Ru.
             Shot with a stone by a goblin (3 damage)
             ... on level 2 of the Dungeon.
             The game lasted 00:04:41 (1462 turns).

dvd the Chiller (Ghoul Ice Elementalist)            Turns: 1462, Time: 00:04:42

Health: 0/40       AC:  2    Str: 12    XL:     5   Next: 7%
Magic:  2/7        EV: 11    Int: 11    God:    Ru [......]
Gold:   140        SH:  2    Dex:  9    Spells: 6/9 levels left

rFire    . . .     SeeInvis .   r - +0 falchion
rCold    + . .     Gourm    .   s - +0 buckler
rNeg     + + +     Faith    .   a - +0 robe
rPois    ∞         Spirit   .   (no helmet)
rElec    .         Reflect  .   (no cloak)
rCorr    .         Harm     .   (no gloves)
MR       .....     Rnd*Tele +   (no boots)
Stlth    ++........             (no amulet)
Regen    0.0/turn               d - ring of teleportation (curse)
MPRegen  0.1/turn               (no ring)

@: rotting
A: rotting body, claws 1, carnivore 3, cold resistance 1, negative energy
resistance 3, inhibited regeneration, torment resistance, unbreathing
a: Renounce Religion


You were on level 2 of the Dungeon.
You worshipped Ru.
Ru was noncommittal.
You were not hungry.

You visited 1 branch of the dungeon, and saw 2 of its levels.

You collected 140 gold pieces.

Inventory:

Hand Weapons
 e - a +0 spear
 o - a +0 mace
 r - a +0 falchion (weapon)
Armour
 a - a +0 robe (worn)
 s - a +0 buckler (worn)
Jewellery
 d - a cursed ring of teleportation (left claw)
Wands
 t - a wand of iceblast (8/15)
Scrolls
 g - 2 scrolls of enchant weapon {unknown}
 h - a scroll of identify {unknown}
 j - a scroll of fog {unknown}
 m - a scroll of teleportation {unknown}
 n - 3 scrolls of fear {unknown}
 p - a scroll of magic mapping {unknown}
 q - a scroll of noise {unknown}
Potions
 i - a potion of flight {unknown}
 k - 2 potions of curing {unknown}
Books
 b - a book of Frost

   Spells                             Type                      Level
   a - Freeze                         Ice                          1
   b - Throw Frost                    Conjuration/Ice              2
   c - Ozocubu's Armour               Charms/Ice                   3
   d - Throw Icicle                   Conjuration/Ice              4
   e - Summon Ice Beast               Ice/Summoning                4
Comestibles
 c - a meat ration
 l - a royal jelly


   Skills:
 + Level 1.2 Fighting
 + Level 0.1 Long Blades
 + Level 1.8 Polearms
 + Level 2.1 Dodging
 + Level 2.6 Stealth
 + Level 2.5 Spellcasting
 + Level 0.7 Conjurations
 + Level 4.1 Ice Magic


You had 6 spell levels left.
You knew the following spells:

 Your Spells              Type           Power        Failure   Level  Hunger
a - Freeze                Ice            ##..         9%          1    ##.....
b - Throw Frost           Conj/Ice       #.....       26%         2    ###....


Dungeon Overview and Level Annotations

Branches:
Dungeon (2/15)

Altars:
Ru


Innate Abilities, Weirdness & Mutations

Your body is rotting away.
You thrive on raw meat.
You are immune to poison.
You have sharp fingernails.
You are carnivorous and can eat meat at any time.
Your flesh is cold resistant. (rC+)
You are immune to negative energy. (rN+++)
You do not regenerate when monsters are visible.
You are immune to unholy pain and torment.
You can survive without breathing.


Message History

The dart slug launches a dart at you. The slug dart misses you.
A goblin comes into view.
You hit the dart slug.
The dart slug is severely wounded.
The dart slug barely misses you.
You hit the dart slug.
The dart slug is almost dead.
The goblin wields a hunting sling.
The goblin shoots a stone.
The stone closely misses you. The dart slug launches a dart at you.
The slug dart hits you!
* * * LOW HITPOINT WARNING * * *
You hit the dart slug.
You kill the dart slug!
The goblin shoots a stone.
The stone hits you.
* * * LOW HITPOINT WARNING * * *
You closely miss the rat. The rat barely misses you.
The goblin shoots a stone.
The stone hits you.
You die...

### #.. .. ### #.### #..# ####
#.. g... #..# ...# #.# ###.###
#..# #..# ##.# #.# #...r.# #..#
#... #.# #.###.#@#.###..# #.#
#.#### #.......(...#..# ##.##
#....# #.###.#.#.#.#..# #....
#####.####.# #.....#.#.[# #..##
....#......# ###.###.#..#####..#
###.#...##.#####...............#
..#.###.................#####.##
#.#.# #.......######.#..# #.#
#.#.###..#.##.# #.##.# #.#


You could see a goblin and a rat.

Vanquished Creatures
  Natasha (twice) (D:2)
  2 adders (D:2)
  An ooze (D:1)
  A worm (D:2)
  5 dart slugs
  8 bats
  2 giant cockroaches (D:1)
  6 goblins
  A hobgoblin (D:1)
  4 jackals (D:1)
  4 kobolds
  3 frilled lizards (D:2)
  2 rats
41 creatures vanquished.

Notes
Turn   | Place    | Note
-------+----------+-------------------------------------------
     0 | D:1      | dvd the Ghoul Ice Elementalist began the quest for the Orb.
     0 | D:1      | Reached XP level 1. HP: 14/14 MP: 2/2
   139 | D:1      | Reached XP level 2. HP: 20/20 MP: 0/3
   332 | D:1      | Reached XP level 3. HP: 22/26 MP: 3/5
   488 | D:1      | Reached skill level 1 in Polearms
   754 | D:1      | Learned a level 2 spell: Throw Frost
   894 | D:2      | Noticed Natasha
   900 | D:2      | Killed Natasha
   900 | D:2      | Reached XP level 4. HP: 28/34 MP: 2/6
  1006 | D:2      | Reached skill level 1 in Fighting
  1098 | D:2      | Found a sacrificial altar of Ru.
  1229 | D:2      | Became a worshipper of Ru the Awakened
  1277 | D:2      | Reached skill level 4 in Ice Magic
  1442 | D:2      | Noticed Natasha
  1452 | D:2      | Killed Natasha
  1452 | D:2      | Reached XP level 5. HP: 11/40 MP: 0/7
  1462 | D:2      | Shot with a stone by a goblin

Skill      XL: |  1  2  3  4 |
---------------+-------------+-----
Spellcasting   | 2 |  2.5
Dodging        | 2 |  2.1
Polearms       | 1 |  1.8
Fighting       | 1 |  1.2
Ice Magic      | 4 |  4.1
Long Blades    | |  0.1
Stealth        | |  2.6
Conjurations   | |  0.7

Action                   |  1- 3 |  4- 6 || total
-------------------------+-------+-------++-------
Melee: Spear             |    97 |       ||    97
       Unarmed           |     1 |       ||     1
       Falchion          |     2 |    44 ||    46
 Cast: Freeze            |    17 |    23 ||    40
       Throw Frost       |     1 |       ||     1
 Stab: Sleeping          |     5 |     3 ||     8
  Eat: Chunk             |     5 |    10 ||    15
Armor: Robe              |    27 |    14 ||    41
Dodge: Dodged            |    76 |    25 ||   101
Block: Buckler           |       |    11 ||    11
       Rpst.: Falchion   |     1 |    11 ||    12
